ITL
INDIANA HOUNDS @ WISCONSIN TIMBER RATTLERS
04/24/2025
 
TOP OF THE 1ST
Indiana Hounds batting - Pitching for Wisconsin Timber Rattlers : RHP Mark Tidwell
Pitching: RHP Mark Tidwell
Batting: LHB Junior Coates 0-0: Foul Ball, location: 2F
0-1: Ball
1-1: Swinging Strike
1-2: Strikes out swinging
Batting: RHB Víctor Chávez 0-0: Ball
1-0: Ball
2-0: Swinging Strike
2-1: Foul Ball, location: 2F
2-2: Foul Ball, location: 2F
2-2: Ball
3-2: Base on Balls
Batting: RHB Jorge Rodríguez 0-0: Foul Ball, location: 2F
0-1: Foul Ball, location: 2F
0-2: Ball
1-2: DOUBLE (Groundball, 5L)
Víctor Chávez to third
Pinch Runner at 2nd Howard Daniel:
Batting: RHB Danny Walker 0-0: Fly out, F8 (Flyball, 8LM)
Runner from 3rd tags up, SCORES, no throw
Batting: RHB António Venecia 0-0: Ball
1-0: Ball
2-0: Ball
3-0: Foul Ball, location: 2F
3-1: Foul Ball, location: 2F
3-2: Strikes out looking
Top of the 1st over - 1 run(s), 1 hit(s), 0 error(s), 1 left on base; Indiana 1 - Wisconsin 0
BOTTOM OF THE 1ST
Wisconsin Timber Rattlers batting - Pitching for Indiana Hounds : LHP Darren Blackwell
Pitching: LHP Darren Blackwell
Now at C: Howard Daniel
Batting: LHB Marv Walker 0-0: Foul Ball, location: 2F
0-1: Foul Ball, location: 2F
0-2: Ground out 4-3 (Groundball, 4)
Batting: RHB Koin Tanaka 0-0: Fly out, F5 (Line Drive, 5)
Batting: RHB Murdoch Norton 0-0: Ball
1-0: Ball
2-0: Fly out, F7 (Flyball, 7D)
Bottom of the 1st over - 0 run(s), 0 hit(s), 0 error(s), 0 left on base; Indiana 1 - Wisconsin 0
TOP OF THE 2ND
Indiana Hounds batting - Pitching for Wisconsin Timber Rattlers : RHP Mark Tidwell
Batting: LHB Dave Helásquez 0-0: Ball
1-0: SINGLE (Line Drive, 6)
Batting: RHB Marc Ploughman 0-0: Ball
1-0: Foul Ball, location: 2F
1-1: Ball
2-1: Foul Ball, location: 2F
2-2: Ball
3-2: Foul Ball, location: 2F
3-2: Grounds into double play, 1-6-3 (Groundball, 13S)
Batting: LHB Pepe Vázquez 0-0: Foul Ball, location: 2F
0-1: Ball
1-1: Called Strike
1-2: Strikes out swinging
Top of the 2nd over - 0 run(s), 1 hit(s), 0 error(s), 0 left on base; Indiana 1 - Wisconsin 0
BOTTOM OF THE 2ND
Wisconsin Timber Rattlers batting - Pitching for Indiana Hounds : LHP Darren Blackwell
Batting: RHB Alfredo Padilla 0-0: Foul Ball, location: 2F
0-1: Fly out, F9 (Flyball, 9M)
Batting: LHB Tony Ortíz 0-0: Ball
1-0: Swinging Strike
1-1: Ground out 4-3 (Groundball, 4)
Batting: RHB António Pérez 0-0: Ball
1-0: Called Strike
1-1: Ball
2-1: SINGLE (Line Drive, 56D)
Batting: RHB Ulysse Bélisle 0-0: Fielders Choice at 2nd, U4 (Groundball, 4M)
Bottom of the 2nd over - 0 run(s), 1 hit(s), 0 error(s), 1 left on base; Indiana 1 - Wisconsin 0
TOP OF THE 3RD
Indiana Hounds batting - Pitching for Wisconsin Timber Rattlers : RHP Mark Tidwell
Batting: RHB Paco Castillo 0-0: Called Strike
0-1: Ground out 6-3 (Groundball, 6)
Batting: LHB Junior Coates 0-0: Foul Ball, location: 2F
0-1: Ground out 3-1 (Groundball, 34)
Batting: RHB Víctor Chávez 0-0: Called Strike
0-1: Called Strike
0-2: Ball
1-2: Ball
2-2: Ball
3-2: Foul Ball, location: 2F
3-2: Ground out 6-3 (Groundball, 6)
Top of the 3rd over - 0 run(s), 0 hit(s), 0 error(s), 0 left on base; Indiana 1 - Wisconsin 0
BOTTOM OF THE 3RD
Wisconsin Timber Rattlers batting - Pitching for Indiana Hounds : LHP Darren Blackwell
Batting: RHB Pablo Gonzáles 0-0: Foul Ball, location: 2F
0-1: SINGLE (Line Drive, 9S)
Batting: RHB Joseph Stone 0-0: Ball
1-0: Called Strike
1-1: Fielders Choice at 2nd, 5-4 (Groundball, 5)
Batting: LHB Marv Walker 0-0: Called Strike
0-1: Ball
1-1: Foul Ball, location: 2F
1-2: Ball
2-2: Foul Ball, location: 2F
2-2: Strikes out swinging
Batting: RHB Koin Tanaka 0-0: Ball
1-0: Fly out, F8 (Flyball, 8RM)
Bottom of the 3rd over - 0 run(s), 1 hit(s), 0 error(s), 1 left on base; Indiana 1 - Wisconsin 0
TOP OF THE 4TH
Indiana Hounds batting - Pitching for Wisconsin Timber Rattlers : RHP Mark Tidwell
Batting: RHB Howard Daniel 0-0: Foul Ball, location: 2F
0-1: Ball
1-1: Ground out 5-3 (Groundball, 56)
Batting: RHB Danny Walker 0-0: Fly out, F7 (Flyball, 7D)
Batting: RHB António Venecia 0-0: Fly out, F5 (Popup, 56)
Top of the 4th over - 0 run(s), 0 hit(s), 0 error(s), 0 left on base; Indiana 1 - Wisconsin 0
BOTTOM OF THE 4TH
Wisconsin Timber Rattlers batting - Pitching for Indiana Hounds : LHP Darren Blackwell
Batting: RHB Murdoch Norton 0-0: Ball
1-0: Ball
2-0: Ball
3-0: Called Strike
3-1: Fly out, F8 (Line Drive, 6MD)
Batting: RHB Alfredo Padilla 0-0: Ball
1-0: Swinging Strike
1-1: Ball
2-1: Swinging Strike
2-2: Ball
3-2: Strikes out swinging
Batting: LHB Tony Ortíz 0-0: Foul Ball, location: 2F
0-1: Ball
1-1: Ball
2-1: Ground out 3-1 (Groundball, 34)
Bottom of the 4th over - 0 run(s), 0 hit(s), 0 error(s), 0 left on base; Indiana 1 - Wisconsin 0
TOP OF THE 5TH
Indiana Hounds batting - Pitching for Wisconsin Timber Rattlers : RHP Mark Tidwell
Batting: LHB Dave Helásquez 0-0: Called Strike
0-1: Ground out 3-1 (Groundball, 34S)
Batting: RHB Marc Ploughman 0-0: Called Strike
0-1: Called Strike
0-2: Ball
1-2: SOLO HOME RUN (Flyball, 7D), Distance : 387 ft
Batting: LHB Pepe Vázquez 0-0: Called Strike
0-1: Called Strike
0-2: Ball
1-2: Ball
2-2: Ground out 4-3 (Groundball, 4M)
Batting: RHB Paco Castillo 0-0: Swinging Strike
0-1: SINGLE (Groundball, 5D)
Batting: LHB Junior Coates 0-0: Ball
Paco Castillo is caught stealing 2nd base
Top of the 5th over - 1 run(s), 2 hit(s), 0 error(s), 0 left on base; Indiana 2 - Wisconsin 0
BOTTOM OF THE 5TH
Wisconsin Timber Rattlers batting - Pitching for Indiana Hounds : LHP Darren Blackwell
Batting: RHB António Pérez 0-0: Ground out 6-3 (Groundball, 6)
Batting: RHB Ulysse Bélisle 0-0: Foul Ball, location: 2F
0-1: Ball
1-1: Ball
2-1: Foul Ball, location: 2F
2-2: Ball
3-2: Ground out 4-3 (Groundball, 4)
Batting: RHB Pablo Gonzáles 0-0: Ball
1-0: Called Strike
1-1: DOUBLE (Line Drive, 5)
Batting: RHB Joseph Stone 0-0: Fly out, F4 (Popup, 4M)
Bottom of the 5th over - 0 run(s), 1 hit(s), 0 error(s), 1 left on base; Indiana 2 - Wisconsin 0
TOP OF THE 6TH
Indiana Hounds batting - Pitching for Wisconsin Timber Rattlers : RHP Mark Tidwell
Batting: LHB Junior Coates 0-0: Called Strike
0-1: Ball
1-1: Called Strike
1-2: Ball
2-2: Ground out 6-3 (Groundball, 6)
Batting: RHB Víctor Chávez 0-0: Called Strike
0-1: Ball
1-1: Called Strike
1-2: Ball
2-2: Fly out, F9 (Flyball, 89M)
Batting: RHB Howard Daniel 0-0: Called Strike
0-1: Foul Ball, location: 2F
0-2: Ball
1-2: Foul Ball, location: 2F
1-2: Strikes out swinging
Top of the 6th over - 0 run(s), 0 hit(s), 0 error(s), 0 left on base; Indiana 2 - Wisconsin 0
BOTTOM OF THE 6TH
Wisconsin Timber Rattlers batting - Pitching for Indiana Hounds : LHP Darren Blackwell
Batting: LHB Marv Walker 0-0: SINGLE (Line Drive, 3D)
Batting: RHB Koin Tanaka 0-0: Ball
1-0: Swinging Strike
1-1: Foul Ball, location: 2F
1-2: Ball
2-2: Strikes out swinging
Batting: RHB Murdoch Norton 0-0: Ball
1-0: Ball
2-0: Swinging Strike
2-1: Fly out, F8 (Flyball, 8RM)
Batting: RHB Alfredo Padilla 0-0: Called Strike
0-1: Ball
1-1: Ball
2-1: Foul Ball, location: 2F
2-2: Strikes out swinging
Bottom of the 6th over - 0 run(s), 1 hit(s), 0 error(s), 1 left on base; Indiana 2 - Wisconsin 0
TOP OF THE 7TH
Indiana Hounds batting - Pitching for Wisconsin Timber Rattlers : RHP Mark Tidwell
Batting: RHB Danny Walker 0-0: Ball
1-0: Fly out, F8 (Flyball, 78M)
Batting: RHB António Venecia 0-0: Called Strike
0-1: Ball
1-1: Ground out 4-3 (Groundball, 4)
Batting: LHB Dave Helásquez 0-0: Ball
1-0: Foul Ball, location: 2F
1-1: Swinging Strike
1-2: Strikes out swinging
Top of the 7th over - 0 run(s), 0 hit(s), 0 error(s), 0 left on base; Indiana 2 - Wisconsin 0
BOTTOM OF THE 7TH
Wisconsin Timber Rattlers batting - Pitching for Indiana Hounds : LHP Darren Blackwell
Batting: LHB Tony Ortíz 0-0: Ball
1-0: Ball
2-0: Ground out 6-3 (Groundball, 6S)
Batting: RHB António Pérez 0-0: Ball
1-0: Ball
2-0: Ball
3-0: Base on Balls
Batting: RHB Ulysse Bélisle 0-0: Ball
1-0: Fielders Choice at 2nd, 3-6 (Groundball, 3)
Batting: RHB Pablo Gonzáles 0-0: Foul Ball, location: 2F
0-1: Foul Ball, location: 2F
0-2: Ball
1-2: Ground out 5-3 (Groundball, 15S)
Bottom of the 7th over - 0 run(s), 0 hit(s), 0 error(s), 1 left on base; Indiana 2 - Wisconsin 0
TOP OF THE 8TH
Indiana Hounds batting - Pitching for Wisconsin Timber Rattlers : RHP Mark Tidwell
Batting: RHB Marc Ploughman 0-0: Ball
1-0: Ball
2-0: Ball
3-0: Called Strike
3-1: Base on Balls
Batting: LHB Pepe Vázquez 0-0: Foul Ball, location: 2F
0-1: Sac Bunt - play at first, batter OUT! 1-3
Marc Ploughman to second
Batting: RHB Paco Castillo 0-0: Ball
1-0: Foul Ball, location: 2F
1-1: SINGLE (Line Drive, 34)
Marc Ploughman to third
Runner from 3rd tries for Home, SAFE, throw made home
Paco Castillo to second
Batting: LHB Junior Coates 0-0: Ball
1-0: Ground out 4-3 (Groundball, 4M)
Paco Castillo to third
Pitching: RHP Richard Hardin
Batting: RHB Víctor Chávez 0-0: Foul Ball, location: 2F
0-1: Foul Ball, location: 2F
0-2: Foul Ball, location: 2F
0-2: SINGLE (Groundball, 56)
Paco Castillo scores
Batting: RHB Howard Daniel 0-0: Called Strike
0-1: Ball
1-1: Foul Ball, location: 2F
1-2: Foul Ball, location: 2F
1-2: Foul Ball, location: 2F
1-2: Foul Ball, location: 2F
1-2: Fly out, F3 (Popup, 3S)
Top of the 8th over - 2 run(s), 2 hit(s), 0 error(s), 1 left on base; Indiana 4 - Wisconsin 0
BOTTOM OF THE 8TH
Wisconsin Timber Rattlers batting - Pitching for Indiana Hounds : LHP Darren Blackwell
Batting: RHB Joseph Stone 0-0: Ball
1-0: Ball
2-0: Ball
3-0: Base on Balls
Batting: LHB Marv Walker 0-0: Called Strike
0-1: Ball
1-1: Called Strike
1-2: SINGLE (Groundball, 4MD)
Joseph Stone to second
Batting: RHB Koin Tanaka 0-0: Swinging Strike
0-1: Called Strike
0-2: Ball
1-2: Strikes out looking
Batting: RHB Murdoch Norton 0-0: Ball
1-0: Ball
2-0: Foul Ball, location: 2F
2-1: Ball
3-1: SINGLE (Line Drive, 56D)
Joseph Stone to third
Marv Walker to second
Runner from 3rd tries for Home, SAFE, no throw or cutoff
Pitching: RHP Alvin Heath
Batting: RHB Alfredo Padilla 0-0: SINGLE (Flyball, 8LS)
Marv Walker to third
Murdoch Norton to second
Runner from 3rd tries for Home, SAFE, no throw or cutoff
Pitching: RHP Ronald Moore
Pinch Hitting: LHB Aroghetto Dionisotti 0-0: Ball
1-0: Fly out, F8 (Flyball, 8RM)
Batting: RHB António Pérez 0-0: Ball
1-0: Called Strike
1-1: Swinging Strike
1-2: Strikes out swinging
Bottom of the 8th over - 2 run(s), 3 hit(s), 0 error(s), 2 left on base; Indiana 4 - Wisconsin 2
TOP OF THE 9TH
Indiana Hounds batting - Pitching for Wisconsin Timber Rattlers : RHP Richard Hardin
Now in LF: Aroghetto Dionisotti
Batting: RHB Danny Walker 0-0: Called Strike
0-1: Ball
1-1: Fly out, F9 (Line Drive, 89M)
Batting: RHB António Venecia 0-0: Ball
1-0: Ball
2-0: Foul Ball, location: 2F
2-1: SINGLE (Groundball, 34D)
Batting: LHB Dave Helásquez 0-0: Ball
1-0: Fly out, F4 (Line Drive, 4)
Batting: RHB Marc Ploughman 0-0: Ball
1-0: Ball
2-0: Foul Ball, location: 2F
2-1: Called Strike
2-2: Ball
3-2: Foul Ball, location: 2F
3-2: SINGLE (Line Drive, 7LM)
António Venecia to second
António Venecia to third
Pinch Hitting: LHB Diego Torres 0-0: Foul Ball, location: 2F
0-1: Swinging Strike
0-2: Ball
1-2: Strikes out swinging
Top of the 9th over - 0 run(s), 2 hit(s), 0 error(s), 2 left on base; Indiana 4 - Wisconsin 2
BOTTOM OF THE 9TH
Wisconsin Timber Rattlers batting - Pitching for Indiana Hounds : RHP Ronald Moore
Pitching: LHP Pedro Torres
Now in CF: Diego Torres
Batting: RHB Ulysse Bélisle 0-0: Ball
1-0: Called Strike
1-1: Ball
2-1: Swinging Strike
2-2: Foul Ball, location: 2F
2-2: Foul Ball, location: 2F
2-2: Foul Ball, location: 2F
2-2: Ball
3-2: Base on Balls
Batting: RHB Pablo Gonzáles 0-0: Swinging Strike
0-1: Ball
1-1: Ball
2-1: Swinging Strike
2-2: Fly out, F7 (Line Drive, 7S)
Pinch Hitting: RHB Emílio Carrillo 0-0: Swinging Strike
0-1: Ground out 5-3 (Groundball, 56S)
Ulysse Bélisle to second
Pinch Hitting: RHB Chris Walker 0-0: DOUBLE (Groundball, 3D)
Ulysse Bélisle scores
Pinch Hitting: RHB Vicente Vélez 0-0: SINGLE (Line Drive, 56)
Chris Walker to third
Runner from 3rd tries for Home, SAFE, no throw or cutoff
Batting: RHB Murdoch Norton 0-0: Ball
1-0: Ball
2-0: Ball
3-0: Called Strike
3-1: Base on Balls
Vicente Vélez to second
Pinch Hitting: RHB Spencer Johnston 0-0: Ball
1-0: Called Strike
1-1: Called Strike
1-2: Foul Ball, location: 2F
1-2: Ball
2-2: SINGLE (Groundball, 56D)
Vicente Vélez to third
Murdoch Norton to second
Runner from 3rd tries for Home, SAFE, no throw or cutoff
This league is powered by Out of the Park Baseball, the baseball management simulation game for PC, Mac and Linux
Tuesday, August 2nd, 2016 - OOTP Baseball 16.8 Build 38